[ AOE2 MATCH · #467604206 ]
1v1 RMChinese vs Franks
Player's team · WIN
Rival team · LOSS
[ REPLAY ANALYSIS · EXTRACTED FROM THE RECORDED GAME ]
Feudal
9:37
Castle
19:15
Imperial
—
| APM avg | 38.7 |
| APM peak | 79 |
| eAPM avg | 21.1 |
| Villagers / military | 140 / 121 |
Focus
⚔️ 50.8% · 🌾 49.2%
Fire Lancer ×50 · Archer ×38 · Chu Ko Nu ×22 · Battering Ram ×5 · Spearman ×2 · Iron Pagoda ×2
Feudal
9:26
Castle
19:42
Imperial
40:13
| APM avg | 45.9 |
| APM peak | 87 |
| eAPM avg | 21.6 |
| Villagers / military | 139 / 85 |
Focus
⚔️ 40.9% · 🌾 59.1%
Knight ×53 · Skirmisher ×17 · Archer ×7 · Scout Cavalry ×3 · Mangonel ×2 · Scorpion ×2
Match map
Initial resources + every placement click. Lines = walls · curves = elevation contours. ◆ gold · ⬟ stone · ● berries · ✦ relic · ◌ wall gap
Your base· ✓ Closed at 19:15 · 38t walls · 1 gate(s)
Gab's base· ✓ Closed at 19:42 · 24t walls · 1 gate(s)
Smoothed initial terrain · ◌ = detected wall gap · hover for details
Inputs per minute
— weifu.w - - Gab
Build order — weifu.w
First 150 of 394 actions detected
| 0:01 | Research | Loom |
| 0:01 | Research | Loom |
| 0:43 | Create | Villager (Male) |
| 0:43 | Create | Villager (Male) |
| 0:43 | Create | Villager (Male) |
| 1:10 | Create | Villager (Male) |
| 1:10 | Create | Villager (Male) |
| 1:30 | Create | Villager (Male) |
| 1:31 | Create | Villager (Male) |
| 1:31 | Create | Villager (Male) |
| 1:40 | Build | Lumber Camp |
| 1:56 | Create | Villager (Male) |
| 1:56 | Create | Villager (Male) |
| 1:56 | Create | Villager (Male) |
| 2:20 | Create | Villager (Male) |
| 2:20 | Create | Villager (Male) |
| 2:21 | Create | Villager (Male) |
| 2:52 | Create | Villager (Male) |
| 2:52 | Create | Villager (Male) |
| 3:02 | Build | House |
| 3:07 | Create | Villager (Male) |
| 3:07 | Create | Villager (Male) |
| 3:31 | Create | Villager (Male) |
| 3:43 | Create | Villager (Male) |
| 3:43 | Create | Villager (Male) |
| 3:44 | Create | Villager (Male) |
| 4:05 | Create | Villager (Male) |
| 4:06 | Create | Villager (Male) |
| 4:21 | Create | Villager (Male) |
| 4:22 | Create | Villager (Male) |
| 4:54 | Create | Villager (Male) |
| 4:54 | Create | Villager (Male) |
| 5:13 | Build | House |
| 5:21 | Create | Villager (Male) |
| 5:21 | Create | Villager (Male) |
| 5:34 | Create | Villager (Male) |
| 5:34 | Create | Villager (Male) |
| 5:34 | Create | Villager (Male) |
| 6:11 | Create | Villager (Male) |
| 6:11 | Create | Villager (Male) |
| 6:16 | Create | Villager (Male) |
| 6:16 | Create | Villager (Male) |
| 6:17 | Create | Villager (Male) |
| 6:17 | Create | Villager (Male) |
| 6:21 | Build | Mill |
| 6:22 | Create | Villager (Male) |
| 6:22 | Create | Villager (Male) |
| 6:25 | Create | Villager (Male) |
| 6:26 | Create | Villager (Male) |
| 6:39 | Create | Villager (Male) |
| 6:39 | Create | Villager (Male) |
| 7:22 | Build | Barracks |
| 7:27 | Research | Feudal Age |
| 7:28 | Research | Feudal Age |
| 7:28 | Research | Feudal Age |
| 7:44 | Build | House |
| 8:05 | Build | House |
| 8:09 | Build | Palisade Wall |
| 8:14 | Build | House |
| 8:18 | Build | Palisade Wall |
| 8:21 | Build | Palisade Wall |
| 8:26 | Build | Palisade Wall |
| 8:35 | Build | Palisade Wall |
| 8:51 | Build | Mining Camp |
| 8:59 | Build | Palisade Wall |
| 9:00 | Create | Villager (Male) |
| 9:12 | Create | Villager (Male) |
| 9:37 | Age | Feudal Age |
| 9:41 | Create | Villager (Male) |
| 9:43 | Create | Spearman |
| 10:07 | Build | House |
| 10:08 | Create | Villager (Male) |
| 10:09 | Research | Double-Bit Axe |
| 10:17 | Build | House |
| 10:23 | Build | House |
| 10:35 | Create | Villager (Male) |
| 10:41 | Build | House |
| 10:53 | Build | Archery Range |
| 11:03 | Build | House |
| 11:06 | Build | House |
| 11:11 | Build | Market |
| 11:44 | Build | House |
| 11:47 | Build | Palisade Wall |
| 11:48 | Create | Villager (Male) |
| 11:53 | Build | Farm |
| 11:53 | Build | Farm |
| 11:53 | Build | Farm |
| 11:54 | Build | Farm |
| 12:02 | Create | Villager (Male) |
| 12:02 | Create | Villager (Male) |
| 12:07 | Build | Farm |
| 12:18 | Create | Archer |
| 12:18 | Create | Archer |
| 12:25 | Build | Farm |
| 12:36 | Build | Farm |
| 13:07 | Build | House |
| 13:10 | Create | Villager (Male) |
| 13:16 | Build | Farm |
| 13:17 | Create | Villager (Male) |
| 13:22 | Build | Farm |
| 13:26 | Create | Villager (Male) |
| 13:35 | Create | Villager (Male) |
| 13:43 | Create | Villager (Male) |
| 13:46 | Build | Farm |
| 13:54 | Create | Villager (Male) |
| 14:00 | Create | Archer |
| 14:07 | Create | Spearman |
| 14:12 | Create | Villager (Male) |
| 14:16 | Build | Farm |
| 14:21 | Create | Archer |
| 14:25 | Create | Villager (Male) |
| 14:34 | Create | Villager (Male) |
| 14:41 | Build | Farm |
| 14:46 | Create | Archer |
| 14:54 | Create | Archer |
| 15:13 | Create | Villager (Male) |
| 15:35 | Create | Villager (Male) |
| 15:46 | Create | Villager (Male) |
| 15:57 | Create | Villager (Male) |
| 16:01 | Create | Archer |
| 16:14 | Build | Archery Range |
| 16:35 | Research | Castle Age |
| 16:35 | Research | Castle Age |
| 16:38 | Create | Archer |
| 16:49 | Build | Blacksmith |
| 16:51 | Build | House |
| 17:08 | Create | Archer |
| 17:08 | Create | Archer |
| 17:17 | Create | Archer |
| 17:27 | Build | Lumber Camp |
| 17:41 | Research | Fletching |
| 17:42 | Research | Fletching |
| 18:01 | Create | Archer |
| 18:02 | Create | Archer |
| 18:07 | Build | Palisade Gate |
| 18:21 | Build | Stone Wall |
| 18:32 | Build | House |
| 18:34 | Build | House |
| 18:42 | Create | Archer |
| 18:47 | Create | Archer |
| 18:51 | Research | Padded Archer Armor |
| 18:56 | Research | Gold Mining |
| 19:08 | Create | Archer |
| 19:08 | Create | Archer |
| 19:15 | Age | Castle Age |
| 19:16 | Research | Crossbowman (upgrade) |
| 19:23 | Create | Villager (Male) |
| 19:28 | Create | Villager (Male) |
| 19:37 | Build | University |
| 19:38 | Create | Villager (Male) |
Build order — Gab
First 150 of 354 actions detected
| 0:00 | Create | Villager (Male) |
| 0:00 | Create | Villager (Male) |
| 0:02 | Build | House |
| 0:03 | Build | House |
| 0:10 | Create | Villager (Male) |
| 0:25 | Create | Villager (Male) |
| 1:25 | Create | Villager (Male) |
| 1:25 | Create | Villager (Male) |
| 2:02 | Build | Lumber Camp |
| 2:04 | Create | Villager (Male) |
| 2:04 | Create | Villager (Male) |
| 2:17 | Create | Villager (Male) |
| 2:55 | Create | Villager (Male) |
| 2:56 | Create | Villager (Male) |
| 3:04 | Create | Villager (Male) |
| 3:37 | Create | Villager (Male) |
| 3:52 | Build | House |
| 3:53 | Build | House |
| 4:13 | Create | Villager (Male) |
| 4:14 | Create | Villager (Male) |
| 4:50 | Build | Mill |
| 5:11 | Create | Villager (Male) |
| 5:12 | Create | Villager (Male) |
| 5:30 | Create | Villager (Male) |
| 5:44 | Create | Villager (Male) |
| 5:51 | Create | Villager (Male) |
| 5:54 | Create | Villager (Male) |
| 5:57 | Create | Villager (Male) |
| 6:04 | Research | Loom |
| 7:15 | Research | Feudal Age |
| 7:43 | Build | Lumber Camp |
| 8:40 | Build | Barracks |
| 8:42 | Build | Palisade Wall |
| 8:49 | Build | House |
| 9:26 | Age | Feudal Age |
| 9:36 | Create | Villager (Male) |
| 9:40 | Build | Stable |
| 9:54 | Create | Spearman |
| 10:07 | Create | Villager (Male) |
| 10:11 | Create | Villager (Male) |
| 10:14 | Create | Villager (Male) |
| 10:17 | Research | Double-Bit Axe |
| 10:23 | Create | Villager (Male) |
| 10:29 | Create | Scout Cavalry |
| 10:29 | Create | Scout Cavalry |
| 10:55 | Create | Scout Cavalry |
| 11:20 | Build | Archery Range |
| 11:32 | Create | Villager (Male) |
| 11:39 | Build | Farm |
| 11:41 | Build | Farm |
| 11:51 | Build | Mining Camp |
| 11:54 | Build | Farm |
| 11:56 | Create | Villager (Male) |
| 12:06 | Build | House |
| 12:08 | Create | Villager (Male) |
| 12:11 | Build | Farm |
| 12:25 | Build | House |
| 12:26 | Build | Palisade Wall |
| 12:38 | Create | Archer |
| 12:38 | Create | Archer |
| 12:45 | Build | Farm |
| 12:57 | Create | Villager (Male) |
| 13:00 | Build | Farm |
| 13:08 | Create | Villager (Male) |
| 13:09 | Create | Archer |
| 13:10 | Create | Archer |
| 13:15 | Build | Farm |
| 13:15 | Create | Villager (Male) |
| 13:25 | Build | Palisade Wall |
| 13:53 | Create | Villager (Male) |
| 13:53 | Create | Villager (Male) |
| 13:56 | Build | Farm |
| 14:00 | Build | Farm |
| 14:00 | Create | Villager (Male) |
| 14:07 | Create | Archer |
| 14:07 | Create | Archer |
| 14:21 | Create | Villager (Male) |
| 14:23 | Build | Farm |
| 14:23 | Create | Villager (Male) |
| 14:28 | Build | Farm |
| 14:31 | Create | Skirmisher |
| 14:32 | Create | Skirmisher |
| 14:39 | Create | Villager (Male) |
| 15:02 | Create | Villager (Male) |
| 15:04 | Build | Farm |
| 15:05 | Create | Skirmisher |
| 15:06 | Create | Skirmisher |
| 15:17 | Build | House |
| 15:52 | Create | Villager (Male) |
| 15:54 | Build | House |
| 15:55 | Build | House |
| 15:58 | Build | House |
| 16:02 | Build | Farm |
| 16:03 | Create | Villager (Male) |
| 16:05 | Build | Farm |
| 16:34 | Create | Villager (Male) |
| 16:44 | Build | Blacksmith |
| 16:46 | Build | Palisade Wall |
| 16:48 | Build | House |
| 16:50 | Create | Villager (Male) |
| 16:58 | Build | Farm |
| 17:02 | Research | Castle Age |
| 17:06 | Build | House |
| 17:14 | Create | Skirmisher |
| 17:14 | Create | Skirmisher |
| 17:15 | Create | Skirmisher |
| 17:44 | Build | House |
| 17:46 | Build | House |
| 17:49 | Build | House |
| 18:08 | Create | Villager (Male) |
| 18:08 | Create | Villager (Male) |
| 18:10 | Create | Skirmisher |
| 18:11 | Create | Skirmisher |
| 18:12 | Create | Skirmisher |
| 18:18 | Research | Fletching |
| 18:19 | Research | Padded Archer Armor |
| 18:24 | Build | House |
| 18:25 | Create | Villager (Male) |
| 18:25 | Create | Villager (Male) |
| 18:32 | Create | Skirmisher |
| 18:49 | Build | House |
| 18:54 | Build | House |
| 18:59 | Build | Palisade Gate |
| 19:07 | Create | Villager (Male) |
| 19:07 | Create | Villager (Male) |
| 19:21 | Build | House |
| 19:25 | Build | House |
| 19:26 | Build | House |
| 19:26 | Create | Villager (Male) |
| 19:27 | Create | Villager (Male) |
| 19:33 | Create | Skirmisher |
| 19:33 | Create | Skirmisher |
| 19:42 | Age | Castle Age |
| 20:03 | Research | Elite Skirmisher (upgrade) |
| 20:06 | Research | Bodkin Arrow |
| 20:36 | Build | House |
| 20:38 | Build | House |
| 20:42 | Create | Archer |
| 20:42 | Create | Skirmisher |
| 20:42 | Create | Skirmisher |
| 21:09 | Create | Villager (Male) |
| 21:14 | Build | Town Center |
| 21:19 | Build | House |
| 21:20 | Build | House |
| 21:38 | Create | Skirmisher |
| 21:38 | Create | Skirmisher |
| 21:40 | Create | Knight |
| 21:40 | Create | Knight |
| 21:40 | Create | Knight |
| 21:48 | Build | Palisade Gate |
Match timeline
| 7:22 | weifu.w · first_building Barracks |
| 8:09 | weifu.w · wall_segment Palisade Wall x9 |
| 8:18 | weifu.w · wall_segment Palisade Wall x8 |
| 8:21 | weifu.w · wall_segment Palisade Wall x5 |
| 8:26 | weifu.w · wall_segment Palisade Wall x2 |
| 8:35 | weifu.w · wall_segment Palisade Wall x1 |
| 8:40 | Gab · first_building Barracks |
| 8:42 | Gab · wall_segment Palisade Wall x1 |
| 8:59 | weifu.w · wall_segment Palisade Wall x10 |
| 9:26 | Gab · age_up feudal |
| 9:37 | weifu.w · age_up feudal |
| 9:40 | Gab · first_building Stable |
| 10:53 | weifu.w · first_building Archery Range |
| 11:20 | Gab · first_building Archery Range |
| 11:47 | weifu.w · wall_segment Palisade Wall x3 |
| 12:26 | Gab · wall_segment Palisade Wall x9 |
| 13:25 | Gab · wall_segment Palisade Wall x13 |
| 13:54 | weifu.w · first_market_buy 100 food |
| 16:46 | Gab · wall_segment Palisade Wall x1 |
| 18:21 | weifu.w · wall_segment Stone Wall x1 |
| 19:15 | weifu.w · age_up castle |
| 19:42 | Gab · age_up castle |
| 21:11 | weifu.w · first_building Stable |
| 21:22 | weifu.w · first_building Siege Workshop |
| 27:46 | Gab · first_building Siege Workshop |
| 30:51 | weifu.w · first_building Castle |
| 31:32 | Gab · first_building Monastery |
| 34:26 | weifu.w · wall_segment Stone Wall x17 |
| 36:05 | weifu.w · wall_segment Stone Wall x4 |
| 36:14 | weifu.w · wall_segment Stone Wall x16 |
| 37:22 | weifu.w · wall_segment Stone Wall x12 |
| 39:26 | Gab · first_building Castle |
| 40:13 | Gab · age_up imperial |
| 40:47 | Gab · resign |
[ AI ANALYSIS · 1 CREDIT ]
What really happened in this match?
Wolo.gg analyzes every decision: build order, eco, micro, common mistakes by bracket. Personalized analysis on WhatsApp or Discord in 30 seconds.
Civ guide
Chinese
Map guide
Arabia
Perfil
weifu.w